General information
			
			
        
        - name: BNet
 
        - type: Ladder team game (AT/RT)
 
        - host: Battle.net
 
        - saver: iggy_the_fisk
 
        
map: Cherryville 
        - players: 8
 
        - length: 36:04
 
        - speed: Fast
 - version: 1.22 W3XP
 - replay type:  

 
» download(327 KB)
Players
        team 1 (winner) 
              
              
» 
1st_Panzer_DIv. (
yellow | 90 APM | 3229 actions | 36:02)
              
 7 Demon Hunter 
 3 Mana Burn
 2 Evasion
 1 Immolation
 1 Metamorphosis
 3 Keeper of the Grove 
 2 Entangling Roots
 1 Thorns Aura
 4 Naga Sea Witch 
 2 Frost Arrows
 2 Forked Lightning
 
                » actions 
                
                | Assign group hotkey | 289 |  | 
| Basic commands | 450 |  | 
| Build / train | 83 |  | 
| ESC pressed | 8 |  | 
| Enter build submenu | 22 |  | 
| Enter hero's abilities submenu | 14 |  | 
| Give item / drop item | 7 |  | 
| Remove unit from queue | 1 |  | 
| Right click | 729 |  | 
| Select / deselect | 476 |  | 
| Select group hotkey | 1006 |  | 
| Use ability | 143 |  | 
                3229 total
 » units 
                » upgrades
                
                | Ultravision | 1 |  | 
| Well Spring | 1 |  | 
| Strength of the Moon | 3 |  | 
| Moon Armor | 3 |  | 
| Hippogryph Taming | 1 |  | 
| Nature's Blessing | 1 |  | 
                10 total
 » buildings
                
                | Altar of Elders | 1 |  | 
| Moon Well | 8 |  | 
| Ancient of War | 1 |  | 
| Tree of Life | 2 |  | 
| Tree of Ages | 1 |  | 
| Hunter's Hall | 1 |  | 
| Ancient of Wonders | 2 |  | 
| Tree of Eternity | 1 |  | 
| Ancient of Wind | 4 |  | 
                21 total
 » build order
                00:16 Altar of Elders
00:28 Moon Well
01:02 Ancient of War
01:53 Moon Well
05:09 Tree of Life
06:10 Tree of Ages
06:43 Moon Well
06:46 Moon Well
08:06 Hunter's Hall
08:36 Moon Well
09:40 Moon Well
09:45 Ancient of Wonders
10:05 Tree of Eternity
10:39 Ancient of Wonders
13:20 Moon Well
13:59 Ancient of Wind
14:27 Ancient of Wind
14:30 Moon Well
14:36 Ancient of Wind
14:53 Ancient of Wind
21:54 Tree of Life
» items
                
                | Boots of Speed | 3 |  | 
| Staff of Teleportation | 3 |  | 
| Scroll of Regeneration | 1 |  | 
| Orb of Venom | 2 |  | 
| Potion of Healing | 1 |  | 
| Staff of Preservation | 3 |  | 
                13 total
  
               
              
              
IAMNOTAGIMMICK (
purple | 91 APM | 3268 actions | 36:02)
              
 2 Archmage 
 1 Blizzard
 1 Brilliance Aura
 3 Paladin 
 2 Holy Light
 1 Divine Shield
 1 Mountain King 
 1 Storm Bolt
 
                » actions 
                
                | Assign group hotkey | 12 |  | 
| Basic commands | 66 |  | 
| Build / train | 166 |  | 
| ESC pressed | 4 |  | 
| Enter build submenu | 67 |  | 
| Enter hero's abilities submenu | 6 |  | 
| Give item / drop item | 1 |  | 
| Right click | 1538 |  | 
| Select / deselect | 451 |  | 
| Select group hotkey | 787 |  | 
| Use ability | 170 |  | 
                3268 total
 » units 
                » upgrades
                
                | Masonry | 3 |  | 
| Lumber Harvesting | 2 |  | 
| Magic Sentry | 1 |  | 
| Armor | 2 |  | 
| Swords | 1 |  | 
                9 total
 » buildings
                
                | Altar of Kings | 3 |  | 
| Farm | 5 |  | 
| Scout Tower | 90 |  | 
| Arcane Tower | 19 |  | 
| Lumber Mill | 2 |  | 
| Guard Tower | 61 |  | 
| Arcane Vault | 1 |  | 
| Town Hall | 6 |  | 
| Keep | 2 |  | 
| Castle | 2 |  | 
| Arcane Sanctum | 1 |  | 
| Blacksmith | 2 |  | 
| Gryphon Aviary | 4 |  | 
                198 total
 » build order
                00:06 Altar of Kings
00:21 Farm
00:35 Scout Tower
00:57 Farm
01:20 Arcane Tower
01:21 Arcane Tower
01:37 Farm
01:40 Farm
01:52 Farm
02:06 Lumber Mill
02:32 Scout Tower
02:34 Scout Tower
02:36 Scout Tower
02:37 Scout Tower
02:39 Scout Tower
02:40 Scout Tower
03:16 Arcane Tower
03:18 Arcane Tower
03:19 Guard Tower
03:19 Guard Tower
03:44 Scout Tower
03:45 Scout Tower
03:50 Guard Tower
03:50 Guard Tower
03:53 Scout Tower
03:55 Scout Tower
03:57 Scout Tower
03:57 Scout Tower
04:12 Scout Tower
04:13 Scout Tower
04:15 Arcane Tower
04:15 Arcane Tower
04:56 Arcane Tower
04:57 Arcane Tower
04:57 Arcane Tower
05:37 Guard Tower
06:07 Scout Tower
06:25 Guard Tower
06:25 Guard Tower
06:30 Guard Tower
06:33 Scout Tower
06:38 Scout Tower
07:01 Arcane Tower
07:01 Arcane Tower
07:05 Guard Tower
07:05 Guard Tower
07:06 Guard Tower
07:46 Scout Tower
07:47 Scout Tower
07:49 Scout Tower
07:50 Scout Tower
08:03 Scout Tower
08:03 Scout Tower
08:06 Scout Tower
08:07 Scout Tower
08:10 Scout Tower
08:17 Scout Tower
08:18 Scout Tower
08:18 Scout Tower
08:25 Scout Tower
08:26 Scout Tower
08:27 Scout Tower
08:28 Scout Tower
08:29 Scout Tower
08:34 Guard Tower
08:35 Guard Tower
08:37 Guard Tower
08:47 Guard Tower
08:48 Guard Tower
08:56 Guard Tower
08:56 Guard Tower
08:59 Guard Tower
08:59 Guard Tower
09:00 Scout Tower
09:03 Scout Tower
09:07 Scout Tower
09:08 Scout Tower
09:09 Scout Tower
09:10 Scout Tower
09:10 Scout Tower
09:28 Guard Tower
09:35 Guard Tower
09:36 Guard Tower
09:40 Guard Tower
09:40 Guard Tower
09:47 Arcane Tower
09:48 Arcane Tower
09:57 Arcane Vault
09:59 Scout Tower
10:00 Scout Tower
10:00 Scout Tower
10:09 Guard Tower
10:33 Guard Tower
10:33 Guard Tower
10:57 Guard Tower
10:57 Guard Tower
11:02 Scout Tower
11:03 Scout Tower
11:07 Scout Tower
11:10 Scout Tower
11:13 Scout Tower
11:13 Scout Tower
11:20 Guard Tower
11:21 Guard Tower
12:35 Town Hall
12:39 Scout Tower
12:40 Scout Tower
12:42 Scout Tower
12:43 Scout Tower
12:44 Scout Tower
12:45 Scout Tower
12:46 Scout Tower
12:49 Scout Tower
12:49 Scout Tower
12:51 Scout Tower
12:51 Scout Tower
13:04 Guard Tower
13:08 Guard Tower
13:09 Guard Tower
13:09 Guard Tower
13:13 Scout Tower
13:16 Scout Tower
13:16 Scout Tower
13:19 Scout Tower
13:22 Scout Tower
13:23 Scout Tower
13:24 Scout Tower
13:24 Scout Tower
13:25 Scout Tower
13:26 Scout Tower
13:27 Scout Tower
13:28 Scout Tower
14:25 Scout Tower
14:26 Scout Tower
14:27 Scout Tower
14:27 Scout Tower
14:28 Scout Tower
14:28 Scout Tower
14:46 Keep
14:46 Keep
14:58 Guard Tower
15:33 Guard Tower
15:33 Guard Tower
16:08 Guard Tower
17:56 Town Hall
18:49 Scout Tower
19:01 Lumber Mill
21:25 Town Hall
22:39 Castle
22:40 Castle
23:30 Scout Tower
23:31 Scout Tower
23:33 Scout Tower
23:33 Scout Tower
23:36 Scout Tower
23:37 Scout Tower
23:45 Scout Tower
23:47 Scout Tower
23:48 Scout Tower
24:05 Guard Tower
24:05 Guard Tower
24:14 Arcane Sanctum
26:06 Guard Tower
26:06 Guard Tower
26:14 Blacksmith
26:54 Gryphon Aviary
26:55 Gryphon Aviary
26:57 Gryphon Aviary
26:58 Gryphon Aviary
28:21 Altar of Kings
28:27 Altar of Kings
28:52 Blacksmith
29:23 Town Hall
32:07 Town Hall
33:24 Town Hall
» items
                
                | Boots of Speed | 2 |  | 
| Staff of Teleportation | 2 |  | 
| Periapt of Vitality | 1 |  | 
| Potion of Lesser Invulnerability | 1 |  | 
                6 total
  
               
              
              
» 
iggy_the_fisk (
orange | 113 APM | 4092 actions | 36:04)
              
 3 Archmage 
 2 Blizzard
 1 Brilliance Aura
 3 Blood Mage 
 2 Flame Strike
 1 Siphon Mana
 3 Pit Lord 
 2 Rain of Fire
 1 Cleaving Attack
 
                » actions 
                
                | Assign group hotkey | 219 |  | 
| Basic commands | 20 |  | 
| Build / train | 161 |  | 
| Enter build submenu | 109 |  | 
| Enter hero's abilities submenu | 10 |  | 
| Remove unit from queue | 1 |  | 
| Right click | 1779 |  | 
| Select / deselect | 427 |  | 
| Select group hotkey | 1125 |  | 
| Use ability | 241 |  | 
                4092 total
 » units 
                
                | Peasant | 34 |  | 
| Flying Machine | 18 |  | 
                52 total
 » upgrades
                
                | Masonry | 3 |  | 
| Lumber Harvesting | 2 |  | 
| Magic Sentry | 1 |  | 
| Gunpowder | 3 |  | 
| Plating | 3 |  | 
| Flak Cannons | 1 |  | 
| Flying Machine Bombs | 1 |  | 
                14 total
 » buildings
                
                | Altar of Kings | 2 |  | 
| Lumber Mill | 1 |  | 
| Farm | 9 |  | 
| Scout Tower | 105 |  | 
| Arcane Tower | 2 |  | 
| Guard Tower | 59 |  | 
| Keep | 1 |  | 
| Castle | 1 |  | 
| Arcane Sanctum | 1 |  | 
| Town Hall | 2 |  | 
| Arcane Vault | 2 |  | 
| Gryphon Aviary | 1 |  | 
| Blacksmith | 1 |  | 
| Workshop | 4 |  | 
                191 total
 » build order
                00:05 Altar of Kings
00:18 Lumber Mill
00:26 Farm
00:59 Farm
01:15 Scout Tower
01:23 Scout Tower
01:44 Farm
01:49 Arcane Tower
01:51 Scout Tower
01:54 Arcane Tower
01:58 Scout Tower
02:21 Guard Tower
02:22 Scout Tower
02:27 Guard Tower
02:32 Scout Tower
02:53 Guard Tower
02:54 Scout Tower
02:57 Farm
03:00 Guard Tower
03:01 Scout Tower
03:22 Scout Tower
03:24 Guard Tower
03:25 Scout Tower
03:39 Scout Tower
03:39 Guard Tower
03:43 Scout Tower
03:47 Scout Tower
04:20 Guard Tower
04:21 Scout Tower
04:24 Scout Tower
04:51 Guard Tower
04:53 Scout Tower
04:58 Guard Tower
05:01 Guard Tower
05:03 Scout Tower
05:05 Keep
05:08 Scout Tower
05:26 Guard Tower
05:27 Scout Tower
05:31 Scout Tower
05:40 Guard Tower
05:42 Scout Tower
06:29 Guard Tower
06:32 Scout Tower
06:34 Scout Tower
07:00 Guard Tower
07:01 Scout Tower
07:17 Guard Tower
07:49 Castle
07:56 Guard Tower
07:57 Guard Tower
07:58 Scout Tower
08:02 Scout Tower
08:05 Arcane Sanctum
08:07 Scout Tower
08:07 Scout Tower
08:08 Scout Tower
08:12 Scout Tower
08:12 Scout Tower
08:13 Scout Tower
08:17 Scout Tower
08:17 Scout Tower
08:19 Scout Tower
08:20 Scout Tower
08:21 Scout Tower
08:25 Scout Tower
08:26 Scout Tower
08:27 Scout Tower
08:34 Guard Tower
08:36 Scout Tower
08:39 Scout Tower
08:42 Scout Tower
08:43 Scout Tower
08:48 Town Hall
08:51 Guard Tower
09:19 Guard Tower
09:21 Scout Tower
09:23 Scout Tower
09:26 Scout Tower
09:30 Scout Tower
09:32 Guard Tower
09:54 Guard Tower
09:55 Scout Tower
10:01 Guard Tower
10:05 Arcane Vault
10:06 Scout Tower
10:07 Scout Tower
10:08 Scout Tower
10:09 Scout Tower
10:10 Guard Tower
10:24 Guard Tower
10:26 Scout Tower
10:27 Scout Tower
10:33 Guard Tower
10:33 Guard Tower
10:34 Guard Tower
10:37 Scout Tower
10:38 Scout Tower
10:40 Guard Tower
10:44 Scout Tower
10:46 Scout Tower
10:47 Scout Tower
11:10 Guard Tower
11:24 Guard Tower
11:27 Scout Tower
11:28 Scout Tower
11:31 Scout Tower
11:31 Scout Tower
11:33 Guard Tower
11:35 Farm
11:58 Guard Tower
12:06 Guard Tower
12:08 Guard Tower
12:11 Scout Tower
12:13 Scout Tower
12:46 Guard Tower
12:52 Guard Tower
12:53 Scout Tower
12:54 Scout Tower
12:54 Guard Tower
12:57 Guard Tower
13:04 Guard Tower
13:06 Guard Tower
13:07 Scout Tower
13:09 Guard Tower
13:15 Town Hall
13:16 Scout Tower
13:17 Scout Tower
13:18 Scout Tower
13:23 Guard Tower
13:25 Guard Tower
13:29 Arcane Vault
13:31 Scout Tower
13:35 Scout Tower
14:12 Guard Tower
14:13 Scout Tower
14:14 Scout Tower
14:24 Gryphon Aviary
14:49 Scout Tower
14:51 Scout Tower
14:51 Scout Tower
14:52 Scout Tower
15:19 Blacksmith
15:22 Scout Tower
15:22 Scout Tower
15:40 Scout Tower
15:42 Scout Tower
15:43 Scout Tower
15:44 Guard Tower
15:46 Guard Tower
16:10 Guard Tower
16:15 Guard Tower
17:08 Workshop
17:09 Guard Tower
17:34 Altar of Kings
17:39 Workshop
17:49 Workshop
17:56 Workshop
18:20 Farm
18:35 Farm
18:35 Farm
18:49 Scout Tower
18:49 Scout Tower
19:46 Guard Tower
20:21 Scout Tower
20:22 Scout Tower
20:22 Scout Tower
20:24 Scout Tower
20:25 Scout Tower
20:25 Scout Tower
21:02 Guard Tower
21:56 Guard Tower
23:03 Scout Tower
23:08 Farm
23:10 Guard Tower
23:11 Scout Tower
23:12 Scout Tower
23:13 Scout Tower
23:13 Scout Tower
23:14 Scout Tower
23:15 Scout Tower
23:17 Scout Tower
23:19 Scout Tower
23:40 Guard Tower
23:42 Scout Tower
23:51 Guard Tower
23:56 Guard Tower
23:57 Scout Tower
24:23 Guard Tower
24:28 Scout Tower
26:58 Guard Tower
» items
                
                | Scroll of Regeneration | 5 |  | 
| Staff of Sanctuary | 3 |  | 
| Scroll of Town Portal | 7 |  | 
| Orb of Corruption | 1 |  | 
                16 total
  
               
              
              
» 
NUTSONYOCHIN.DE (
blue | 127 APM | 4588 actions | 36:02)
              
 5 Death Knight 
 3 Death Coil
 2 Unholy Aura
 7 Dreadlord 
 3 Vampiric Aura
 3 Sleep
 1 Inferno
 
                » actions 
                
                | Assign group hotkey | 35 |  | 
| Basic commands | 145 |  | 
| Build / train | 63 |  | 
| ESC pressed | 2 |  | 
| Enter build submenu | 15 |  | 
| Enter hero's abilities submenu | 12 |  | 
| Give item / drop item | 3 |  | 
| Right click | 2174 |  | 
| Select / deselect | 272 |  | 
| Select group hotkey | 1791 |  | 
| Use ability | 76 |  | 
                4588 total
 » units 
                
                | Acolyte | 2 |  | 
| Ghoul | 12 |  | 
| Gargoyle | 18 |  | 
                32 total
 » upgrades
                
                | Creature Attack | 3 |  | 
| Creature Carapace | 2 |  | 
| Stone Form | 1 |  | 
                6 total
 » buildings
                
                | Crypt | 2 |  | 
| Altar of Darkness | 1 |  | 
| Ziggurat | 7 |  | 
| Graveyard | 1 |  | 
| Halls of the Dead | 1 |  | 
| Black Citadel | 1 |  | 
| Tomb of Relics | 1 |  | 
| Necropolis | 1 |  | 
                15 total
 » build order
                00:12 Crypt
00:16 Altar of Darkness
00:28 Ziggurat
02:01 Ziggurat
02:15 Graveyard
07:48 Halls of the Dead
09:23 Ziggurat
09:26 Ziggurat
10:44 Crypt
10:45 Ziggurat
13:55 Ziggurat
13:56 Ziggurat
15:05 Black Citadel
18:13 Tomb of Relics
27:24 Necropolis
» items
                
                | Potion of Healing | 2 |  | 
| Dust of Appearance | 1 |  | 
| Staff of Preservation | 1 |  | 
| Scroll of Town Portal | 1 |  | 
| Boots of Speed | 3 |  | 
                8 total
  
               team 2 (loser) 
              
              
AuE-FaN (
green | 46 APM | 1666 actions | 36:01)
              
 6 Archmage 
 3 Brilliance Aura
 2 Summon Water Elemental
 1 Mass Teleport
 
                » actions 
                
                | Assign group hotkey | 16 |  | 
| Build / train | 76 |  | 
| Enter build submenu | 29 |  | 
| Enter hero's abilities submenu | 7 |  | 
| Remove unit from queue | 2 |  | 
| Right click | 827 |  | 
| Select / deselect | 515 |  | 
| Select group hotkey | 98 |  | 
| Use ability | 96 |  | 
                1666 total
 » units 
                
                | Peasant | 15 |  | 
| Gryphon Rider | 13 |  | 
| Dragonhawk Rider | 10 |  | 
| Flying Machine | 9 |  | 
                47 total
 » upgrades
                
                | Lumber Harvesting | 1 |  | 
| Swords | 2 |  | 
| Storm Hammers | 1 |  | 
| Cloud | 1 |  | 
| Armor | 1 |  | 
| Gunpowder | 1 |  | 
| Flak Cannons | 1 |  | 
                8 total
 » buildings
                
                | Altar of Kings | 1 |  | 
| Farm | 11 |  | 
| Lumber Mill | 1 |  | 
| Scout Tower | 4 |  | 
| Keep | 1 |  | 
| Guard Tower | 3 |  | 
| Arcane Tower | 2 |  | 
| Castle | 1 |  | 
| Gryphon Aviary | 2 |  | 
| Blacksmith | 1 |  | 
| Arcane Vault | 1 |  | 
| Town Hall | 3 |  | 
| Workshop | 2 |  | 
                33 total
 » build order
                00:06 Altar of Kings
00:27 Farm
01:02 Lumber Mill
01:28 Scout Tower
01:38 Scout Tower
01:53 Farm
01:56 Farm
02:37 Keep
02:39 Guard Tower
02:40 Guard Tower
02:59 Arcane Tower
03:07 Scout Tower
03:10 Scout Tower
03:20 Farm
03:39 Arcane Tower
04:53 Guard Tower
04:59 Castle
05:02 Gryphon Aviary
05:27 Gryphon Aviary
07:00 Blacksmith
07:27 Farm
07:28 Farm
07:31 Farm
07:33 Farm
07:35 Farm
10:01 Arcane Vault
11:48 Farm
13:23 Farm
14:47 Town Hall
18:58 Town Hall
22:33 Workshop
22:36 Workshop
22:58 Town Hall
» items
                
                | Scroll of Regeneration | 3 |  | 
| Scroll of Town Portal | 1 |  | 
| Potion of Healing | 1 |  | 
                5 total
  
               
              
              
FoT_Folzi (
red | 57 APM | 1918 actions | 33:27)
              
 7 Blademaster 
 3 Wind Walk
 3 Critical Strike
 1 Bladestorm
 
                » actions 
                
                | Assign group hotkey | 11 |  | 
| Build / train | 61 |  | 
| Enter build submenu | 12 |  | 
| Enter hero's abilities submenu | 7 |  | 
| Right click | 1388 |  | 
| Select / deselect | 308 |  | 
| Select group hotkey | 54 |  | 
| Use ability | 77 |  | 
                1918 total
 » units 
                
                | Peon | 17 |  | 
| Wind Rider | 11 |  | 
| Troll Batrider | 13 |  | 
                41 total
 » upgrades
                
                | Armor | 2 |  | 
| Ranged Weapons | 2 |  | 
| Envenomed Spears | 1 |  | 
| Liquid Fire | 1 |  | 
                6 total
 » buildings
                
                | Altar of Storms | 1 |  | 
| Orc Burrow | 5 |  | 
| War Mill | 1 |  | 
| Stronghold | 1 |  | 
| Watch Tower | 1 |  | 
| Beastiary | 2 |  | 
| Voodoo Lounge | 1 |  | 
| Fortress | 1 |  | 
                13 total
 » build order
                00:05 Altar of Storms
00:08 Orc Burrow
01:06 War Mill
01:43 Orc Burrow
02:40 Stronghold
03:22 Watch Tower
04:54 Orc Burrow
05:11 Beastiary
05:16 Beastiary
07:51 Voodoo Lounge
08:13 Orc Burrow
08:43 Fortress
13:17 Orc Burrow
» items
                
                | Healing Salve | 1 |  | 
| Lesser Clarity Potion | 1 |  | 
| Potion of Healing | 1 |  | 
| Potion of Mana | 1 |  | 
                4 total
  
               
              
              
FoT_Sn1p3r (
teal | 54 APM | 1914 actions | 35:29)
              
 6 Priestess of the Moon 
 3 Searing Arrows
 2 Trueshot Aura
 1 Starfall
 
                » actions 
                
                | Assign group hotkey | 2 |  | 
| Basic commands | 8 |  | 
| Build / train | 62 |  | 
| Enter build submenu | 28 |  | 
| Enter hero's abilities submenu | 6 |  | 
| Remove unit from queue | 3 |  | 
| Right click | 1280 |  | 
| Select / deselect | 476 |  | 
| Select group hotkey | 13 |  | 
| Use ability | 36 |  | 
                1914 total
 » units 
                
                | Wisp | 17 |  | 
| Hippogryph | 12 |  | 
| Chimaera | 8 |  | 
| Glaive Thrower | 4 |  | 
                41 total
 » upgrades
                
                | Strength of the Wild | 3 |  | 
| Reinforced Hides | 3 |  | 
| Corrosive Breath | 1 |  | 
| Strength of the Moon | 2 |  | 
| Vorpal Blades | 1 |  | 
                10 total
 » buildings
                
                | Altar of Elders | 1 |  | 
| Moon Well | 8 |  | 
| Hunter's Hall | 1 |  | 
| Ancient Protector | 3 |  | 
| Tree of Ages | 1 |  | 
| Ancient of Wind | 3 |  | 
| Tree of Eternity | 1 |  | 
| Ancient of War | 3 |  | 
| Chimaera Roost | 2 |  | 
| Tree of Life | 2 |  | 
                25 total
 » build order
                00:14 Altar of Elders
00:20 Moon Well
01:33 Hunter's Hall
03:25 Ancient Protector
04:18 Tree of Ages
04:21 Ancient Protector
04:23 Moon Well
05:48 Moon Well
05:53 Ancient Protector
07:33 Ancient of Wind
07:36 Ancient of Wind
07:37 Tree of Eternity
08:14 Ancient of War
08:28 Moon Well
09:32 Moon Well
10:00 Chimaera Roost
10:04 Chimaera Roost
10:27 Moon Well
11:30 Moon Well
12:40 Moon Well
18:11 Ancient of War
18:18 Ancient of War
22:31 Ancient of Wind
23:36 Tree of Life
28:32 Tree of Life
 
               
              
              
UD.Master.J (
pink | 85 APM | 3021 actions | 35:30)
              
 6 Death Knight 
 3 Death Coil
 2 Unholy Aura
 1 Animate Dead
 1 Archmage 
 1 Summon Water Elemental
 
                » actions 
                
                | Assign group hotkey | 36 |  | 
| Basic commands | 6 |  | 
| Build / train | 68 |  | 
| Enter build submenu | 13 |  | 
| Enter hero's abilities submenu | 8 |  | 
| Give item / drop item | 1 |  | 
| Remove unit from queue | 8 |  | 
| Right click | 1233 |  | 
| Select / deselect | 364 |  | 
| Select group hotkey | 1207 |  | 
| Use ability | 77 |  | 
                3021 total
 » units 
                
                | Acolyte | 3 |  | 
| Ghoul | 4 |  | 
| Gargoyle | 15 |  | 
| Meatwagon | 2 |  | 
| Crypt Fiend | 1 |  | 
                25 total
 » upgrades
                
                | Creature Attack | 3 |  | 
| Creature Carapace | 3 |  | 
| Stone Form | 1 |  | 
| Unholy Strength | 1 |  | 
| Disease Cloud | 1 |  | 
| Unholy Armor | 0 |  | 
| Web | 1 |  | 
| Burrow | 1 |  | 
                11 total
 » buildings
                
                | Crypt | 2 |  | 
| Ziggurat | 5 |  | 
| Altar of Darkness | 1 |  | 
| Graveyard | 1 |  | 
| Tomb of Relics | 1 |  | 
| Halls of the Dead | 1 |  | 
| Nerubian Tower | 1 |  | 
| Black Citadel | 1 |  | 
| Spirit Tower | 1 |  | 
| Slaughterhouse | 2 |  | 
                16 total
 » build order
                00:10 Crypt
00:12 Ziggurat
00:34 Altar of Darkness
01:00 Graveyard
01:41 Tomb of Relics
02:04 Ziggurat
03:10 Halls of the Dead
03:37 Nerubian Tower
03:39 Ziggurat
03:43 Crypt
06:00 Ziggurat
07:42 Black Citadel
11:35 Ziggurat
14:56 Spirit Tower
15:54 Slaughterhouse
15:55 Slaughterhouse
» items
                
                | Scroll of Town Portal | 2 |  | 
| Potion of Healing | 2 |  | 
| Orb of Corruption | 3 |  | 
| Potion of Mana | 1 |  | 
| Potion of Lesser Invulnerability | 1 |  | 
                9 total
  
                Chat log
          (00:08 / Allies) 1st_Panzer_DIv.: 2 humans
(00:41 / Allies) IAMNOTAGIMMICK: fe
(01:30 / Allies) 1st_Panzer_DIv.: so immolation owns right?
(03:06 / All) iggy_the_fisk: wow
(03:08 / Allies) iggy_the_fisk: you guys noobs?
(03:49 / Allies) 1st_Panzer_DIv.: HAHAHA
(05:28 / All) UD.Master.J: lol blue
(07:37 / All) UD.Master.J: neva blue NEVA
(08:17 / Allies) 1st_Panzer_DIv.: my mana well
(14:15 / All) AuE-FaN: gj purple
(17:55 / Allies) 1st_Panzer_DIv.: ouch
(18:53 / All) UD.Master.J: lal noobs
(26:37 / All) iggy_the_fisk: you boys some kind of noobs?
(26:43 / Allies) 1st_Panzer_DIv.: fucker
(26:45 / All) NUTSONYOCHIN.DE: lalalal
(28:14 / All) iggy_the_fisk: you noobs noobs?
(29:17 / All) iggy_the_fisk: how you noobs doing
(29:19 / All) iggy_the_fisk: want some gold?
(29:33 / All) NUTSONYOCHIN.DE: lal newps
(29:38 / All) iggy_the_fisk: ty for free win noobshit
(29:50 / All) NUTSONYOCHIN.DE: this my smurf
(29:53 / All) NUTSONYOCHIN.DE: so if i win i win
(29:58 / All) IAMNOTAGIMMICK: :D
(29:59 / All) NUTSONYOCHIN.DE: if i lose who care its shit account
(29:59 / All) IAMNOTAGIMMICK: :D
(30:00 / All) IAMNOTAGIMMICK: :)
(30:01 / All) IAMNOTAGIMMICK: ;)
(30:02 / All) IAMNOTAGIMMICK: :]
(30:02 / All) NUTSONYOCHIN.DE: how do you feel about that ;D
(30:05 / All) iggy_the_fisk: you are the noobs because you lose
(30:06 / All) iggy_the_fisk: TO TOWERS
(30:07 / Allies) iggy_the_fisk: damn you suck
(30:10 / All) 1st_Panzer_DIv.: woot I like penis
(30:11 / All) iggy_the_fisk: damn you suck
(30:36 / All) iggy_the_fisk: want to thank you shitnoobs again
(30:39 / All) iggy_the_fisk: for free win
(31:06 / All) iggy_the_fisk: wowred
(31:08 / All) iggy_the_fisk: u suck at this game
(31:45 / All) iggy_the_fisk: how can you be so bad
(31:48 / All) iggy_the_fisk: you lose to towers
(31:58 / All) 1st_Panzer_DIv.: I know I know
(32:05 / All) 1st_Panzer_DIv.: they were not playing serious
(32:07 / All) 1st_Panzer_DIv.: if they were
(32:10 / All) 1st_Panzer_DIv.: they woulda ownd us
(32:16 / All) AuE-FaN: we play normal but u with your shit tak :D
(32:23 / All) UD.Master.J: noob tac
(32:27 / All) AuE-FaN: ohjey
(32:29 / All) iggy_the_fisk: lalalal you're a bunch of noobs!
(32:33 / All) iggy_the_fisk: thanks for losing to us
(32:33 / All) NUTSONYOCHIN.DE: lalal
(32:35 / All) iggy_the_fisk: you're so much worse
(32:40 / All) UD.Master.J: is this ure first winxD
(32:44 / All) iggy_the_fisk: yes
(32:44 / All) UD.Master.J: why so happy^^
(32:45 / All) iggy_the_fisk: we never win
(32:46 / All) NUTSONYOCHIN.DE: actually yeah
(32:47 / All) AuE-FaN: deiner mutter is schlecht kunde
(32:50 / All) UD.Master.J: lol all nobos ask 1v1
(32:52 / All) iggy_the_fisk: this is our first win
(32:54 / All) NUTSONYOCHIN.DE: we biggest noob on battle net........now we second biggest
(33:05 / All) iggy_the_fisk: finally found someone worse than us...
(33:14 / All) IAMNOTAGIMMICK: aww
(33:16 / All) iggy_the_fisk: too dumb to expo...
(33:16 / All) IAMNOTAGIMMICK: that's a shame
(33:20 / All) AuE-FaN: halt dein maul du opfer und dann is gut
(33:28 / All) 1st_Panzer_DIv.: nein
(33:37 / All) 1st_Panzer_DIv.: suck my undead nuts instead
(33:41 / All) iggy_the_fisk: remember that time
(33:42 / All) 1st_Panzer_DIv.: nazi bastard
(33:48 / All) iggy_the_fisk: You said "lalalal" and though you were winning
(33:49 / All) AuE-FaN: uuiuiuiu komm her du jude xD
(33:50 / All) iggy_the_fisk: what went wrong
(33:51 / All) NUTSONYOCHIN.DE: halt och sjörgismar det ar VACKENTOSLEN SPREIGÅRT JARGGGEN
(34:04 / All) iggy_the_fisk: nope noob ud
(34:09 / All) UD.Master.J: noob
(34:09 / All) NUTSONYOCHIN.DE: löööl
(34:10 / All) AuE-FaN: lol orange noob xD
(34:10 / All) iggy_the_fisk: heronuke won't save you
(34:15 / All) iggy_the_fisk: I can lose all my heroes
(34:16 / All) iggy_the_fisk: here
(34:17 / All) iggy_the_fisk: have it 
(34:19 / All) iggy_the_fisk: kill my hero
(34:21 / All) iggy_the_fisk: you still lose
(34:23 / All) iggy_the_fisk: how does that feel
(34:23 / All) NUTSONYOCHIN.DE: Leave Shit German nein
(34:25 / All) UD.Master.J: lol
(34:28 / All) UD.Master.J: loost dein heored
(34:40 / All) NUTSONYOCHIN.DE: loost dein GAME
(34:42 / All) iggy_the_fisk: here
(34:45 / All) iggy_the_fisk: Im going to send more heroes
(34:47 / All) iggy_the_fisk: to teal base
(34:49 / All) iggy_the_fisk: you can kill them
(34:52 / Allies) iggy_the_fisk: you're a retard UD
(34:56 / All) iggy_the_fisk: you're a retard ud
(35:00 / All) iggy_the_fisk: you think it will help you win
(35:05 / All) AuE-FaN: orange du bist einfach schlecht sehs ein xD
(35:08 / All) AuE-FaN: tower masser noobs
(35:11 / All) 1st_Panzer_DIv.: sprechen Sie english?
(35:16 / All) iggy_the_fisk: so much better than you
(35:18 / All) iggy_the_fisk: all i need is towers
(35:19 / All) AuE-FaN: lernt deutsch ihr kunden xD
(35:28 / All) NUTSONYOCHIN.DE: Brb 
(35:29 / All) UD.Master.J: n4ps!
(35:34 / All) iggy_the_fisk: TY for win shitnoobs
(35:50 / All) iggy_the_fisk: here
(35:51 / All) iggy_the_fisk: Kill my hero
(35:53 / All) iggy_the_fisk: i still win lmfao
(35:59 / All) AuE-FaN: good bye noobs :D